 Dungeon Crawl Stone Soup version 0.22-a0-362-g535178c (webtiles) character file.

112 wirefist the Conjurer (level 4, -13/33 HPs)
             Began as a Draconian Conjurer on Apr 20, 2018.
             Killed by divine providence
             ... invoked by an orc priest
              (14 damage)
             ... on level 2 of the Dungeon.
             The game lasted 00:09:01 (2352 turns).

wirefist the Conjurer (Draconian Conjurer)          Turns: 2352, Time: 00:09:02

Health: -13/33     AC:  6    Str: 10    XL:     4   Next: 64%
Magic:  9/9        EV: 12    Int: 22    God:
Gold:   14         SH:  0    Dex: 11    Spells: 7/10 levels left

rFire    . . .     SeeInvis .   f - +0 mace
rCold    . . .     Gourm    .   (no shield)
rNeg     . . .     Faith    .   (armour unavailable)
rPois    .         Spirit   .   (helmet restricted)
rElec    .         Reflect  .   (no cloak)
rCorr    .         Harm     .   a - +0 pair of gloves
MR       .....                  (no boots)
Stlth    ++........             (no amulet)
HPRegen  0.11/turn              (no ring)
MPRegen  0.11/turn              (no ring)

@: brilliant
A: unfitting armour, cold-blooded, AC +5
a: no special abilities


You were on level 2 of the Dungeon.
You were not hungry.

You visited 1 branch of the dungeon, and saw 3 of its levels.

You collected 14 gold pieces.

Inventory:

Hand Weapons
 f - a +0 mace (weapon)
Armour
 a - a +0 pair of gloves (worn)
Scrolls
 e - 4 scrolls of noise {unknown}
 g - a scroll of amnesia {unknown}
 j - 2 scrolls of enchant armour {unknown}
 k - a scroll of remove curse {unknown}
 m - a scroll of immolation {unknown}
Potions
 d - a potion of heal wounds {unknown}
 h - a potion of curing {unknown}
 i - a potion of mutation {unknown}
 l - a potion of brilliance
Comestibles
 b - 5 rations
 c - 5 chunks of flesh


   Skills:
 - Level 1.7 Dodging
 - Level 1.7 Stealth
 + Level 3.5 Spellcasting
 + Level 5.1 Conjurations


You had 7 spell levels left.
You knew the following spells:

 Your Spells              Type           Power        Failure   Level  Hunger
a - Magic Dart            Conj           ####         1%          1    None
b - Searing Ray           Conj           #####.       1%          2    ##.....


Dungeon Overview and Level Annotations

Branches:
Dungeon (3/15)

Altars:
Nemelex Xobeh
Yredelemnul
The Shining One


Innate Abilities, Weirdness & Mutations

Your plain brown scales are hard. (AC +5)
You cannot fit into any form of body armour.
You are cold-blooded and may be slowed by cold attacks.


Message History

The orc priest looks satisfied for a moment.
The quokka misses you.
You climb upwards.
There is a stone staircase leading down here.
The quokka barely misses you.
The orc priest invokes the aid of Beogh against you.
Beogh smites you! The quokka barely misses you. The quokka bites you.
The orc priest calls down the wrath of Beogh upon you.
Beogh smites you!
* * * LOW HITPOINT WARNING * * *
It was a potion of brilliance.
You feel clever all of a sudden. The quokka closely misses you.
The orc priest looks braver for a moment.
The quokka bites you.
* * * LOW HITPOINT WARNING * * *
The orc priest invokes the aid of Beogh against you.
Beogh smites you!
You die...

#.##.###.###.########......#
#.##.# #.# #.# #...##.#
#.##.###.# #.# ######.#
#........###'## #)#
####.######...## #.# #...#
##.....## ### #รท# ##.###
##.......## ##.###.#
#...####.........####...##.#
.......+....o.r.@'[[.....#.#
#..>####..>......####...##.#
.......##.......######.###.#
.#.###.###.....## #........#
...# #.# ##...## #.######.##
..####.# ##'## #.# #...#.#
.......# ###.#### #.#
#.##.## #.###### #......#
#.# #.##.# #.# #......#
#.###.##.#


You could see an orc priest and a quokka.

Vanquished Creatures
  A worker ant (D:2)
  3 adders (D:2)
  2 oozes
  2 worms (D:2)
  A dart slug (D:2)
  A leopard gecko (D:1)
  2 orcs (D:2)
  A ball python (D:2)
  3 bats
  2 giant cockroaches
  4 goblins
  4 hobgoblins
  2 jackals (D:1)
  A quokka (D:2)
  6 frilled lizards
  4 kobolds
  5 rats
44 creatures vanquished.

Notes
Turn   | Place    | Note
-------+----------+-------------------------------------------
     0 | D:1      | wirefist the Draconian Conjurer began the quest for the Orb.
     0 | D:1      | Reached XP level 1. HP: 14/14 MP: 3/3
     9 | D:1      | Noticed an electric eel
     9 | D:1      | Noticed an electric eel
   253 | D:1      | Reached XP level 2. HP: 3/20 MP: 3/5
   629 | D:1      | Learned a level 2 spell: Searing Ray
  1224 | D:2      | Reached XP level 3. HP: 26/26 MP: 7/7
  1610 | D:2      | Found a basalt altar of Yredelemnul.
  1610 | D:2      | Found a glowing golden altar of the Shining One.
  1614 | D:2      | Noticed an angel
  1631 | D:2      | Noticed a profane servitor
  1726 | D:2      | Found a sparkling altar of Nemelex Xobeh.
  1743 | D:2      | Reached skill level 5 in Conjurations
  1743 | D:2      | Reached XP level 4. HP: 22/33 MP: 3/8
  2348 | D:2      | HP: 1/33 [orc priest/divine providence (9)]
  2352 | D:2      | Killed from afar by an orc priest

Vault maps used:
D:1:      arrival_aquarium_b, roderic_serpentine_path
D:2:      grunt_temple_overflow_holy_war, nemelex_xobeh_ov_fountains_minmay
D:3:      minmay_goblin_kobold_castle

Skill      XL: |  1  2  3 |
---------------+----------+-----
Spellcasting   | 3 |  3.5
Conjurations   | 5 |  5.1
Dodging        | |  1.7
Stealth        | |  1.7

Action                   |  1- 3 |  4- 6 || total
-------------------------+-------+-------++-------
Melee: Mace              |    80 |    27 ||   107
       Unarmed           |     4 |       ||     4
       Tailslap          |     7 |     3 ||    10
 Cast: Magic Dart        |     4 |       ||     4
       Searing Ray       |     5 |     2 ||     7
  Use: Potion            |       |     1 ||     1
 Stab: Sleeping          |     7 |       ||     7
       Distracted        |     1 |       ||     1
  Eat: Chunk             |     3 |     2 ||     5
Armor: Skin              |    36 |    18 ||    54
Dodge: Dodged            |    80 |    45 ||   125

Table legend:
 A = Spawn XP
 B = Non-spawn XP
 C = Spawn XP percentage of total XP
 D = Spawn monster count
 E = Non-spawn monster count
 F = Spawn count percentage of total count
 G = Total turns spent on level
                    A         B        C        D         E        F      G
               +---------+---------+-------+---------+---------+-------+---------
         Total |       0 |     161 |   0.0 |       0 |      44 |   0.0 |  2352
               +---------+---------+-------+---------+---------+-------+---------
           D:1 |       0 |      36 |   0.0 |       0 |      18 |   0.0 |  1165
           D:2 |       0 |     125 |   0.0 |       0 |      26 |   0.0 |  1170
               +---------+---------+-------+---------+---------+-------+---------
